 Dungeon Crawl Stone Soup version 0.29.1-1-gd02db6906a (webtiles) character file.

Game seed: 887765298260812075

3940 LabCoat the Cleaver (level 10, -8/123 (129) HPs)
             Began as a Hill Orc Fighter on Sept 20, 2022.
             Was a Follower of Trog.
             Mangled by a wight
             ... wielding a +4 battleaxe
              (15 damage)
             ... on level 8 of the Dungeon.
             The game lasted 00:18:34 (8625 turns).

LabCoat the Cleaver (Hill Orc Fighter)              Turns: 8625, Time: 00:18:35

HP:   -8/123 (129)  AC:  0    Str: 24    XL:     10   Next: 21%
MP:   10/10         EV:  6    Int:  8    God:    Trog [*.....]
Gold: 106           SH:  8    Dex:  6    Spells: 9/9 levels left

rFire   + . .      SeeInvis .   a - +0 war axe
rCold   + . .      Faith    .   d - +0 kite shield
rNeg    . . .      Spirit   .   B - +0 chain mail
rPois   .          Reflect  .   e - +1 helmet of Ennui {+Inv rF+ Dex-4 Stlth+}
rElec   .          Harm     .   (no cloak)
rCorr   .          Rampage  +   I - +0 pair of gloves
Will    .....                   J - +1 pair of boots {rampage}
Stlth   ..........              (no amulet)
HPRegen 0.30/turn               w - ring of protection from cold
MPRegen 0.12/turn               (no ring)

@: berserking (expiring), corroded, lightly drained, very quick
A: no striking features
a: Renounce Religion, Evoke Invisibility, Berserk


You were on level 8 of the Dungeon.
You worshipped Trog.
Trog was aware of your devotion.
You visited 2 branches of the dungeon, and saw 9 of its levels.
You also visited: Sewer.

You collected 353 gold pieces.
You spent 247 gold pieces at shops.

Inventory:

Hand Weapons
 a - a +0 war axe (weapon)
 K - a +2 mace of protection
Missiles
 f - 5 boomerangs (quivered)
 q - 17 poisoned darts
 s - a throwing net
Armour
 d - a +0 kite shield (worn)
 e - the +1 helmet of Ennui (worn) {+Inv rF+ Dex-4 Stlth+}
   (You took it off Robin on level 2 of the Dungeon)

   Dex:       It affects your dexterity (-4).
   rF:        It protects you from fire.
   +Inv:      It lets you turn invisible.
   Stlth:     It makes you more stealthy.
 B - a +0 chain mail (worn)
 I - a +0 pair of gloves (worn)
 J - a +1 pair of boots of rampaging (worn)
Jewellery
 u - an amulet of faith
 w - a ring of protection from cold (left hand)
 G - a ring of flight
Wands
 b - a wand of iceblast (10)
 F - a wand of paralysis (5)
Scrolls
 c - a scroll of brand weapon {unknown}
 h - 2 scrolls of teleportation {unknown}
 i - 2 scrolls of vulnerability {unknown}
 j - 3 scrolls of poison
 k - a scroll of enchant weapon {unknown}
 m - 2 scrolls of immolation {unknown}
 n - a scroll of magic mapping {unknown}
 r - a scroll of blinking {unknown}
 v - a scroll of enchant armour {unknown}
 y - a scroll of silence {unknown}
 D - a scroll of torment {unknown}
 E - a scroll of amnesia {unknown}
 L - a scroll of noise {unknown}
 M - a scroll of identify
Potions
 g - 3 potions of brilliance {unknown}
 l - a potion of magic {unknown}
 p - a potion of berserk rage {unknown}
 t - 3 potions of haste
 x - a potion of cancellation {unknown}
 z - 2 potions of lignification
 A - 2 potions of curing
 C - 2 potions of mutation {unknown}
 H - a potion of flight {unknown}


   Skills:
 + Level 7.4 Fighting
 * Level 10.5 Axes
 + Level 4.8 Throwing
 + Level 6.7 Armour
 + Level 6.8 Shields
 + Level 5.2 Evocations


You had 9 spell levels left.
You didn't know any spells.
Your spell library contained the following spells:

 Spells                   Type           Power      Damage    Failure   Level
 Apportation              Tloc           0%         N/A       100%        1
 Freeze                   Ice            0%         1d3       100%        1
 Magic Dart               Conj           0%         1d3       100%        1
 Ensorcelled Hibernation  Hex/Ice        0%         N/A       100%        2
 Searing Ray              Conj           0%         2d4       100%        2
 Conjure Flame            Conj/Fire      0%         6-21      100%        3
 Frozen Ramparts          Ice            0%         1d1       100%        3
 Ignite Poison            Fire/Tmut/Pois 0%         N/A       100%        3
 Spider Form              Tmut/Pois      0%         N/A       100%        3
 Anguish                  Hex/Necr       0%         N/A       100%        4
 Fulminant Prism          Conj/Hex       0%         3d6       100%        4
 Hailstorm                Conj/Ice       0%         3d3       100%        4
 Sticky Flame             Conj/Fire      0%         2d3       100%        4
 Alistair's Intoxication  Tmut/Pois      0%         N/A       100%        5


Dungeon Overview and Level Annotations

Branches:
Dungeon (8/15)             Temple (1/1) D:4           Sewer (visited)
   Lair: D:8-11

Altars:
Ashenzari
Cheibriados
Dithmenos
Elyvilon
Fedhas
Gozag
Kikubaaqudgha
Makhleb
Nemelex Xobeh
Okawaru
Qazlal
Ru
Sif Muna
Trog
Uskayaw
Vehumet
Wu Jian
Xom
Yredelemnul
Zin
The Shining One

Shops:
D:3 [   D:5 [   D:7 [:!(


Message History

You block the acid dragon's attack. The acid dragon claws you.
* * * LOW HITPOINT WARNING * * *
You hit the acid dragon but do no damage.
The acid dragon is moderately wounded.
You hit the acid dragon but do no damage.
The acid dragon is moderately wounded.
The acid dragon bites you.
* * * LOW HITPOINT WARNING * * *
The acid dragon claws you.
* * * LOW HITPOINT WARNING * * *
You slice the acid dragon!!
You kill the acid dragon!
Trog accepts your kill.
The acid dragon scales are intact enough to wear.
A wight comes into view. It is wielding a +2 spear.
A wight comes into view. It is wielding a +4 battleaxe.
You feel a strong urge to attack something.
The wight hits you with a +2 spear!
* * * LOW HITPOINT WARNING * * *
You feel drained.
You barely miss the wight. The wight hits you with a +2 spear.
* * * LOW HITPOINT WARNING * * *
You feel drained.
* * * LOW HITPOINT WARNING * * *
You slash the wight!
The wight is severely damaged.
The wight hits you with a +2 spear.
* * * LOW HITPOINT WARNING * * *
You barely miss the wight.
The wight is severely damaged.
You hit the wight but do no damage.
The wight is severely damaged.
You barely miss the wight.
The wight is severely damaged.
The wight barely misses you.
You barely miss the wight.
The wight is severely damaged.
You barely miss the wight. You block the wight's attack.
The wight hits you with a +4 battleaxe!
You die...

#. #. .## ..# #.# #.#
..######.############
......zz............#
#####@.##########.#
#..# #.### #.>#
#####...#
.......[...........#.##
######..####..........#
#..# #.#####..#.# #..#
#..#.# ...# #..#.# ##.#
#..#.#


You could see 2 wights.

Vanquished Creatures
  A two-headed ogre (D:6)
  6 yaks (D:4)
  A steam dragon (D:4)
  An acid dragon (D:8)
  3 orc warriors (D:7)
  An ice beast (D:6)
  A black bear (D:7)
  3 ogres
  A centaur (D:6)
  2 phantoms
  3 kobold brigands (Sewer)
  A necrophage (D:4)
  A bullfrog (D:8)
  2 gnoll sergeants
  3 scorpions
  A hound (D:6)
  5 orc priests
  3 iguanas
  Natasha (twice) (D:2)
  2 orc wizards
  Robin (D:2)
  8 gnolls
  9 adders
  A river rat (Sewer)
  A shadow imp (D:8)
  2 white imps
  An ufetubus (D:5)
  3 worms
  5 dart slugs
  14 orcs
  3 bats
  3 endoplasms
  A giant cockroach (D:2)
  11 goblins
  8 hobgoblins
  3 quokkas
  10 ball pythons
  11 frilled lizards
  14 kobolds
  9 rats
161 creatures vanquished.

Vanquished Creatures (others)
  2 plants (D:6)
2 creatures vanquished.

Grand Total: 163 creatures vanquished

Notes
Turn   | Place    | Note
-------+----------+-------------------------------------------
     0 | D:1      | LabCoat the Hill Orc Fighter began the quest for the Orb.
     0 | D:1      | Reached XP level 1. HP: 19/19 MP: 1/1
   195 | D:1      | Reached skill level 3 in Axes
   203 | D:1      | Reached XP level 2. HP: 27/27 MP: 2/2
   248 | D:1      | Found a faded altar of an unknown god.
   660 | D:2      | Reached XP level 3. HP: 19/33 MP: 3/3
   930 | D:2      | Identified the +1 helmet of Ennui {+Inv rF+ Dex-4 Stlth+}
   930 | D:2      | Noticed Robin
   939 | D:2      | Reached skill level 1 in Throwing
   943 | D:2      | Killed Robin
   944 | D:2      | Reached XP level 4. HP: 22/40 MP: 4/4
   947 | D:2      | Reached skill level 1 in Evocations
   950 | D:2      | Reached skill level 4 in Axes
  1149 | D:2      | Noticed Natasha
  1158 | D:2      | Killed Natasha
  1311 | D:2      | Reached XP level 5. HP: 46/46 MP: 5/5
  1525 | D:2      | Noticed Natasha
  1533 | D:2      | Killed Natasha
  1672 | D:3      | Found a glowing drain.
  1691 | Sewer    | Entered a sewer
  1828 | Sewer    | Noticed a kobold brigand
  1858 | Sewer    | Killed a kobold brigand
  1859 | Sewer    | Reached skill level 5 in Axes
  1859 | Sewer    | Reached XP level 6. HP: 40/53 MP: 6/6
  2596 | D:3      | Found Foje's Armour Shoppe.
  2626 | D:3      | Reached XP level 7. HP: 41/60 MP: 7/7
  2798 | D:3      | Found a shimmering blue altar of Sif Muna.
  2897 | D:3      | Reached skill level 5 in Fighting
  2897 | D:3      | Reached skill level 6 in Axes
  3349 | D:4      | Noticed a yak
  3349 | D:4      | Noticed a yak
  3349 | D:4      | Noticed a yak
  3349 | D:4      | Noticed a yak
  3349 | D:4      | Noticed a yak
  3349 | D:4      | Noticed a yak
  3356 | D:4      | Killed a yak
  3356 | D:4      | Killed a yak
  3357 | D:4      | Reached XP level 8. HP: 33/68 MP: 8/8
  3357 | D:4      | Killed a yak
  3358 | D:4      | Reached skill level 7 in Axes
  3358 | D:4      | Reached skill level 5 in Armour
  3361 | D:4      | Killed a yak
  3362 | D:4      | Reached skill level 5 in Shields
  3366 | D:4      | Killed a yak
  3367 | D:4      | Killed a yak
  3368 | D:4      | Reached skill level 8 in Axes
  3828 | D:4      | Found a staircase to the Ecumenical Temple.
  3838 | Temple   | Entered the Ecumenical Temple
  3838 | Temple   | Found a transporter.
  3838 | Temple   | Found a transporter.
  3840 | Temple   | Found a transporter.
  3840 | Temple   | Found a transporter.
  3861 | Temple   | Became a worshipper of Trog the Wrathful
  4029 | D:4      | Reached XP level 9. HP: 72/75 MP: 9/9
  4381 | D:5      | Entered Level 5 of the Dungeon
  5311 | D:5      | Found Othral's Armour Shop.
  5342 | D:5      | Reached skill level 9 in Axes
  5609 | D:6      | Found Rakom's Mayhem Merchandise.
  5883 | D:5      | Bought a +1 pair of boots of rampaging for 247 gold pieces
  5920 | D:6      | Noticed a two-headed ogre
  5929 | D:6      | Killed a two-headed ogre
  7008 | D:6      | Reached skill level 10 in Axes
  7104 | D:7      | Found Seap's Book Emporium.
  7224 | D:7      | Reached XP level 10. HP: 22/86 MP: 10/10
  7338 | D:7      | Reached skill level 5 in Evocations
  7345 | D:7      | Reached * piety under Trog
  7540 | D:7      | Found Fyruah's Antique Armour Shop.
  7567 | D:7      | Found a shimmering altar of Xom.
  8052 | D:7      | Found Houmia's Distillery.
  8069 | D:7      | Found Extus's Antique Weapon Shoppe.
  8621 | D:8      | HP: 6/123 [wight/+2 spear (5)]
  8625 | D:8      | Mangled by a wight

Illustrated notes

Levels and vault maps discovered:
D:1:      heliophobic_arrival_glass_houses, layout_basic,
          dreamdust_ecumenical_altar_angels_and_demons
D:2:      layout_rooms, grunt_decor_junction, uniq_robin, uniq_natasha
D:3:      layout_loops_ring, mainiacjoe_overflow_24_doors, serial_shops, shop,
          cheibrodos_sewer_entry_sluice, st_stairs_13, dk_noncrumbling_3,
          corexii_corridor_pit
D:4:      layout_rooms, minmay_temple_entry_gardened_gates
D:5:      layout_cave_pools, serial_shops,
          nicolae_shop_temple_entry_statues_fountains
D:6:      layout_basic, minmay_shop_mayhem, minmay_lizard_king
D:7:      nicolae_BIG_FREAKIN_CUBE, layout_basic,
          mainiacjoe_overflow_concentric_impassable, serial_shops,
          nicolae_take_the_stairs, nicolae_shop_behind_doors,
          kennysheep_mini_moat, nicolae_inconvenience_store
D:8:      layout_loops_ring, uniq_pikel
Temple:   hellmonk_temple_divided_pantheon

Skill      XL: |  1  2  3  4  5  6  7  8  9 10 |
---------------+-------------------------------+-----
Axes           | 3 4 5 6 8 10 | 10.5
Fighting       | 4 5 6 7 |  7.4
Throwing       | 1 2 3 4 |  4.8
Evocations     | 1 2 3 4 5 |  5.2
Armour         | 4 5 6 |  6.7
Shields        | 4 5 6 |  6.8

Action                   |  1- 3 |  4- 6 |  7- 9 | 10-12 || total
-------------------------+-------+-------+-------+-------++-------
Melee: War axe           |    80 |   170 |   249 |    91 ||   590
Throw: Boomerang         |       |    28 |    16 |     3 ||    47
Invok: Berserk           |       |       |       |     1 ||     1
Evoke: Wand              |       |       |     1 |     2 ||     3
  Use: Scroll            |     1 |     3 |     5 |       ||     9
       Potion            |       |     1 |     5 |     2 ||     8
 Stab: Paralysed         |       |       |     1 |     2 ||     3
Armor: Scale mail        |    48 |    78 |    50 |       ||   176
       Chain mail        |       |       |    72 |    39 ||   111
Dodge: Dodged            |    58 |    68 |    82 |    21 ||   229
Block: Buckler           |    18 |    24 |    23 |       ||    65
       Kite shield       |       |       |    31 |    34 ||    65
